Unix NetHack Version 3.7.0-65 Work-in-progress - last build Oct 10 2022 05:34:18 (2afc5cfc90f7ecdc2856d9919a2295b875398e55,branch:master).

Game began 2022-09-25 16:25:27, ended 2023-07-31 06:02:54.

Arasaka, lawful female dwarven Cavewoman

  
unexplored area
unexplored area
unexplored area
unexplored area
unexplored area
unexplored area
unexplored area
unexplored area
unexplored area
unexplored area
unexplored area
unexplored area
unexplored area
unexplored area
unexplored area
unexplored area
unexplored area
unexplored area
unexplored area
unexplored area
unexplored area
unexplored area
unexplored area
unexplored area
unexplored area
unexplored area
unexplored area
unexplored area
unexplored area
unexplored area
unexplored area
unexplored area
unexplored area
unexplored area
unexplored area
unexplored area
unexplored area
unexplored area
unexplored area
unexplored area
unexplored area
unexplored area
unexplored area
unexplored area
unexplored area
unexplored area
unexplored area
unexplored area
unexplored area
unexplored area
unexplored area
unexplored area
unexplored area
unexplored area
unexplored area
unexplored area
unexplored area
unexplored area
unexplored area
unexplored area
unexplored area
unexplored area
unexplored area
unexplored area
unexplored area
unexplored area
unexplored area
unexplored area
unexplored area
unexplored area
unexplored area
unexplored area
unexplored area
unexplored area
unexplored area
unexplored area
unexplored area
unexplored area
unexplored area
unexplored area
unexplored area
unexplored area
unexplored area
unexplored area
unexplored area
unexplored area
unexplored area
unexplored area
unexplored area
unexplored area
unexplored area
unexplored area
unexplored area
unexplored area
unexplored area
unexplored area
unexplored area
unexplored area
unexplored area
unexplored area
unexplored area
unexplored area
unexplored area
unexplored area
unexplored area
unexplored area
unexplored area
unexplored area
unexplored area
unexplored area
unexplored area
unexplored area
unexplored area
unexplored area
unexplored area
unexplored area
unexplored area
unexplored area
unexplored area
unexplored area
unexplored area
unexplored area
unexplored area
unexplored area
unexplored area
unexplored area
unexplored area
unexplored area
unexplored area
unexplored area
unexplored area
unexplored area
unexplored area
unexplored area
unexplored area
unexplored area
unexplored area
unexplored area
unexplored area
unexplored area
unexplored area
unexplored area
unexplored area
unexplored area
unexplored area
unexplored area
unexplored area
unexplored area
unexplored area
unexplored area
unexplored area
unexplored area
unexplored area
unexplored area
unexplored area
unexplored area
unexplored area
unexplored area
unexplored area
unexplored area
unexplored area
unexplored area
unexplored area
unexplored area
unexplored area
unexplored area
unexplored area
unexplored area
unexplored area
unexplored area
unexplored area
unexplored area
unexplored area
unexplored area
unexplored area
unexplored area
unexplored area
unexplored area
unexplored area
unexplored area
unexplored area
unexplored area
unexplored area
unexplored area
unexplored area
unexplored area
unexplored area
unexplored area
unexplored area
unexplored area
unexplored area
unexplored area
unexplored area
unexplored area
unexplored area
unexplored area
unexplored area
unexplored area
unexplored area
unexplored area
unexplored area
unexplored area
unexplored area
unexplored area
unexplored area
unexplored area
unexplored area
unexplored area
unexplored area
unexplored area
unexplored area
unexplored area
unexplored area
unexplored area
unexplored area
unexplored area
unexplored area
unexplored area
unexplored area
unexplored area
unexplored area
unexplored area
unexplored area
unexplored area
unexplored area
unexplored area
unexplored area
unexplored area
unexplored area
unexplored area
unexplored area
unexplored area
unexplored area
unexplored area
unexplored area
unexplored area
unexplored area
unexplored area
unexplored area
unexplored area
unexplored area
unexplored area
unexplored area
unexplored area
unexplored area
unexplored area
unexplored area
unexplored area
unexplored area
unexplored area
unexplored area
unexplored area
unexplored area
unexplored area
unexplored area
unexplored area
unexplored area
unexplored area
unexplored area
unexplored area
unexplored area
unexplored area
unexplored area
unexplored area
unexplored area
unexplored area
unexplored area
unexplored area
unexplored area
unexplored area
unexplored area
unexplored area
unexplored area
unexplored area
unexplored area
unexplored area
unexplored area
unexplored area
unexplored area
unexplored area
unexplored area
unexplored area
unexplored area
unexplored area
unexplored area
unexplored area
unexplored area
unexplored area
unexplored area
unexplored area
unexplored area
unexplored area
unexplored area
unexplored area
unexplored area
unexplored area
unexplored area
unexplored area
unexplored area
unexplored area
unexplored area
unexplored area
unexplored area
unexplored area
unexplored area
unexplored area
unexplored area
unexplored area
unexplored area
unexplored area
unexplored area
unexplored area
unexplored area
unexplored area
unexplored area
unexplored area
unexplored area
unexplored area
unexplored area
unexplored area
unexplored area
unexplored area
unexplored area
unexplored area
unexplored area
unexplored area
unexplored area
unexplored area
unexplored area
unexplored area
unexplored area
unexplored area
unexplored area
unexplored area
unexplored area
unexplored area
unexplored area
unexplored area
unexplored area
unexplored area
unexplored area
unexplored area
unexplored area
unexplored area
unexplored area
unexplored area
unexplored area
unexplored area
unexplored area
unexplored area
unexplored area
unexplored area
unexplored area
unexplored area
unexplored area
unexplored area
unexplored area
unexplored area
unexplored area
unexplored area
unexplored area
unexplored area
unexplored area
unexplored area
unexplored area
unexplored area
unexplored area
unexplored area
unexplored area
unexplored area
unexplored area
unexplored area
unexplored area
unexplored area
unexplored area
unexplored area
unexplored area
unexplored area
unexplored area
unexplored area
unexplored area
unexplored area
unexplored area
unexplored area
unexplored area
unexplored area
unexplored area
unexplored area
unexplored area
unexplored area
unexplored area
unexplored area
unexplored area
unexplored area
unexplored area
unexplored area
unexplored area
unexplored area
unexplored area
unexplored area
unexplored area
unexplored area
unexplored area
unexplored area
unexplored area
unexplored area
unexplored area
unexplored area
unexplored area
unexplored area
unexplored area
unexplored area
unexplored area
unexplored area
unexplored area
unexplored area
unexplored area
unexplored area
unexplored area
unexplored area
unexplored area
unexplored area
unexplored area
unexplored area
unexplored area
unexplored area
unexplored area
unexplored area
unexplored area
unexplored area
unexplored area
unexplored area
unexplored area
unexplored area
unexplored area
unexplored area
unexplored area
unexplored area
unexplored area
unexplored area
unexplored area
unexplored area
unexplored area
unexplored area
unexplored area
unexplored area
unexplored area
unexplored area
unexplored area
unexplored area
unexplored area
unexplored area
unexplored area
unexplored area
unexplored area
unexplored area
unexplored area
unexplored area
unexplored area
unexplored area
unexplored area
unexplored area
unexplored area
unexplored area
unexplored area
unexplored area
unexplored area
unexplored area
unexplored area
unexplored area
unexplored area
unexplored area
unexplored area
unexplored area
unexplored area
unexplored area
unexplored area
unexplored area
unexplored area
unexplored area
unexplored area
unexplored area
unexplored area
unexplored area
unexplored area
unexplored area
unexplored area
unexplored area
unexplored area
unexplored area
unexplored area
unexplored area
unexplored area
unexplored area
unexplored area
unexplored area
unexplored area
unexplored area
unexplored area
unexplored area
unexplored area
unexplored area
unexplored area
unexplored area
unexplored area
unexplored area
unexplored area
unexplored area
unexplored area
unexplored area
unexplored area
unexplored area
unexplored area
unexplored area
unexplored area
unexplored area
unexplored area
unexplored area
unexplored area
unexplored area
unexplored area
unexplored area
unexplored area
unexplored area
unexplored area
unexplored area
unexplored area
unexplored area
unexplored area
unexplored area
unexplored area
unexplored area
unexplored area
unexplored area
unexplored area
unexplored area
unexplored area
unexplored area
unexplored area
unexplored area
unexplored area
unexplored area
unexplored area
unexplored area
unexplored area
unexplored area
unexplored area
unexplored area
unexplored area
unexplored area
unexplored area
unexplored area
unexplored area
unexplored area
unexplored area
unexplored area
unexplored area
unexplored area
unexplored area
unexplored area
unexplored area
unexplored area
unexplored area
unexplored area
unexplored area
unexplored area
unexplored area
unexplored area
unexplored area
unexplored area
unexplored area
unexplored area
unexplored area
unexplored area
unexplored area
unexplored area
unexplored area
unexplored area
unexplored area
unexplored area
unexplored area
unexplored area
unexplored area
unexplored area
unexplored area
unexplored area
unexplored area
unexplored area
unexplored area
unexplored area
unexplored area
unexplored area
unexplored area
unexplored area
unexplored area
unexplored area
unexplored area
unexplored area
unexplored area
unexplored area
unexplored area
unexplored area
unexplored area
unexplored area
unexplored area
unexplored area
unexplored area
unexplored area
unexplored area
unexplored area
unexplored area
unexplored area
unexplored area
unexplored area
unexplored area
unexplored area
unexplored area
unexplored area
unexplored area
unexplored area
unexplored area
unexplored area
unexplored area
unexplored area
unexplored area
unexplored area
unexplored area
unexplored area
unexplored area
unexplored area
unexplored area
unexplored area
unexplored area
unexplored area
unexplored area
unexplored area
unexplored area
unexplored area
unexplored area
unexplored area
unexplored area
unexplored area
unexplored area
unexplored area
unexplored area
unexplored area
unexplored area
unexplored area
unexplored area
unexplored area
unexplored area
unexplored area
unexplored area
unexplored area
unexplored area
unexplored area
unexplored area
unexplored area
unexplored area
unexplored area
unexplored area
unexplored area
unexplored area
unexplored area
unexplored area
unexplored area
unexplored area
unexplored area
unexplored area
unexplored area
unexplored area
unexplored area
unexplored area
unexplored area
unexplored area
unexplored area
unexplored area
unexplored area
unexplored area
unexplored area
unexplored area
unexplored area
unexplored area
unexplored area
unexplored area
unexplored area
unexplored area
unexplored area
unexplored area
unexplored area
unexplored area
unexplored area
unexplored area
unexplored area
unexplored area
unexplored area
unexplored area
unexplored area
unexplored area
unexplored area
unexplored area
unexplored area
unexplored area
unexplored area
unexplored area
unexplored area
unexplored area
unexplored area
unexplored area
unexplored area
unexplored area
unexplored area
unexplored area
unexplored area
unexplored area
unexplored area
unexplored area
unexplored area
unexplored area
unexplored area
unexplored area
unexplored area
unexplored area
unexplored area
unexplored area
unexplored area
unexplored area
unexplored area
unexplored area
unexplored area
unexplored area
unexplored area
unexplored area
unexplored area
unexplored area
unexplored area
unexplored area
unexplored area
unexplored area
unexplored area
unexplored area
unexplored area
unexplored area
unexplored area
unexplored area
unexplored area
unexplored area
unexplored area
unexplored area
unexplored area
unexplored area
unexplored area
unexplored area
unexplored area
unexplored area
unexplored area
unexplored area
unexplored area
unexplored area
unexplored area
unexplored area
unexplored area
unexplored area
unexplored area
unexplored area
unexplored area
unexplored area
unexplored area
unexplored area
unexplored area
unexplored area
unexplored area
unexplored area
unexplored area
unexplored area
unexplored area
unexplored area
unexplored area
unexplored area
unexplored area
unexplored area
unexplored area
unexplored area
unexplored area
unexplored area
unexplored area
unexplored area
unexplored area
unexplored area
unexplored area
unexplored area
wall
wall
wall
.floor of a room
wall
unexplored area
unexplored area
unexplored area
unexplored area
unexplored area
unexplored area
unexplored area
unexplored area
unexplored area
unexplored area
unexplored area
unexplored area
unexplored area
unexplored area
unexplored area
unexplored area
unexplored area
unexplored area
unexplored area
unexplored area
unexplored area
unexplored area
unexplored area
unexplored area
unexplored area
unexplored area
unexplored area
unexplored area
unexplored area
unexplored area
unexplored area
unexplored area
unexplored area
unexplored area
unexplored area
unexplored area
unexplored area
unexplored area
unexplored area
unexplored area
unexplored area
unexplored area
unexplored area
unexplored area
unexplored area
unexplored area
unexplored area
unexplored area
unexplored area
unexplored area
unexplored area
unexplored area
unexplored area
unexplored area
unexplored area
unexplored area
unexplored area
unexplored area
unexplored area
unexplored area
unexplored area
unexplored area
unexplored area
unexplored area
unexplored area
unexplored area
unexplored area
unexplored area
unexplored area
unexplored area
unexplored area
unexplored area
unexplored area
unexplored area
wall
.floor of a room
wall
)7 crude arrows
wall
unexplored area
unexplored area
unexplored area
unexplored area
unexplored area
unexplored area
unexplored area
unexplored area
unexplored area
unexplored area
unexplored area
unexplored area
unexplored area
unexplored area
unexplored area
unexplored area
unexplored area
unexplored area
unexplored area
unexplored area
unexplored area
unexplored area
unexplored area
unexplored area
unexplored area
unexplored area
unexplored area
unexplored area
unexplored area
unexplored area
unexplored area
unexplored area
unexplored area
unexplored area
unexplored area
unexplored area
unexplored area
unexplored area
unexplored area
unexplored area
unexplored area
unexplored area
unexplored area
unexplored area
unexplored area
unexplored area
unexplored area
unexplored area
unexplored area
unexplored area
unexplored area
unexplored area
unexplored area
unexplored area
unexplored area
unexplored area
unexplored area
unexplored area
unexplored area
unexplored area
unexplored area
unexplored area
unexplored area
unexplored area
unexplored area
unexplored area
unexplored area
unexplored area
unexplored area
unexplored area
unexplored area
unexplored area
unexplored area
unexplored area
wall
.floor of a room
Uumber hulk
Linvisible arch-lich
wall
unexplored area
unexplored area
unexplored area
unexplored area
unexplored area
unexplored area
unexplored area
unexplored area
unexplored area
unexplored area
unexplored area
unexplored area
unexplored area
unexplored area
unexplored area
unexplored area
unexplored area
unexplored area
unexplored area
unexplored area
unexplored area
unexplored area
unexplored area
unexplored area
unexplored area
unexplored area
unexplored area
unexplored area
unexplored area
unexplored area
unexplored area
unexplored area
unexplored area
unexplored area
unexplored area
unexplored area
unexplored area
unexplored area
unexplored area
unexplored area
unexplored area
unexplored area
unexplored area
unexplored area
unexplored area
unexplored area
unexplored area
unexplored area
unexplored area
unexplored area
unexplored area
unexplored area
unexplored area
unexplored area
unexplored area
unexplored area
unexplored area
unexplored area
unexplored area
unexplored area
unexplored area
unexplored area
unexplored area
unexplored area
unexplored area
unexplored area
unexplored area
unexplored area
unexplored area
unexplored area
unexplored area
unexplored area
unexplored area
unexplored area
wall
.floor of a room
Dyellow dragon
@invisible dwarven cavewoman called Arasaka
wall
unexplored area
unexplored area
unexplored area
unexplored area
unexplored area
unexplored area
unexplored area
unexplored area
unexplored area
unexplored area
unexplored area
unexplored area
unexplored area
unexplored area
unexplored area
unexplored area
unexplored area
unexplored area
unexplored area
unexplored area
unexplored area
unexplored area
unexplored area
unexplored area
unexplored area
unexplored area
unexplored area
unexplored area
unexplored area
unexplored area
unexplored area
unexplored area
unexplored area
unexplored area
unexplored area
unexplored area
unexplored area
unexplored area
unexplored area
unexplored area
unexplored area
unexplored area
unexplored area
unexplored area
unexplored area
unexplored area
unexplored area
unexplored area
unexplored area
unexplored area
unexplored area
unexplored area
unexplored area
unexplored area
unexplored area
unexplored area
unexplored area
unexplored area
unexplored area
unexplored area
unexplored area
unexplored area
unexplored area
unexplored area
unexplored area
unexplored area
unexplored area
unexplored area
unexplored area
unexplored area
unexplored area
unexplored area
unexplored area
unexplored area
wall
.dark part of a room
wall
wall
wall
unexplored area
unexplored area
unexplored area
unexplored area
unexplored area
unexplored area
unexplored area
unexplored area
unexplored area
unexplored area
unexplored area
unexplored area
unexplored area
unexplored area
unexplored area
unexplored area
unexplored area
unexplored area
unexplored area
unexplored area
unexplored area
unexplored area
unexplored area
unexplored area
unexplored area
unexplored area
unexplored area
unexplored area
unexplored area
unexplored area
unexplored area
unexplored area
unexplored area
unexplored area
unexplored area
unexplored area
unexplored area
unexplored area
unexplored area
unexplored area
unexplored area
unexplored area
unexplored area
unexplored area
unexplored area
unexplored area
unexplored area
unexplored area
unexplored area
unexplored area
unexplored area
unexplored area
unexplored area
unexplored area
unexplored area
unexplored area
unexplored area
unexplored area
unexplored area
unexplored area
unexplored area
unexplored area
unexplored area
unexplored area
unexplored area
unexplored area
unexplored area
unexplored area
unexplored area
unexplored area
unexplored area
unexplored area
unexplored area
unexplored area
wall
.dark part of a room
.dark part of a room
.dark part of a room
wall
unexplored area
unexplored area
unexplored area
unexplored area
unexplored area
unexplored area
unexplored area
unexplored area
unexplored area
unexplored area
unexplored area
unexplored area
unexplored area
unexplored area
unexplored area
unexplored area
unexplored area
unexplored area
unexplored area
unexplored area
unexplored area
unexplored area
unexplored area
unexplored area
unexplored area
unexplored area
unexplored area
unexplored area
unexplored area
unexplored area
unexplored area
unexplored area
unexplored area
unexplored area
unexplored area
unexplored area
unexplored area
unexplored area
unexplored area
unexplored area
unexplored area
unexplored area
unexplored area
unexplored area
unexplored area
unexplored area
unexplored area
unexplored area
unexplored area
unexplored area
unexplored area
unexplored area
unexplored area
unexplored area
unexplored area
unexplored area
unexplored area
unexplored area
unexplored area
unexplored area
unexplored area
unexplored area
unexplored area
unexplored area
unexplored area
unexplored area
unexplored area
unexplored area
unexplored area
unexplored area
unexplored area
unexplored area
unexplored area
unexplored area
wall
wall
wall
.dark part of a room
wall
unexplored area
unexplored area
unexplored area
unexplored area
unexplored area
unexplored area
unexplored area
unexplored area
unexplored area
unexplored area
unexplored area
unexplored area
unexplored area
unexplored area
unexplored area
unexplored area
unexplored area
unexplored area
unexplored area
unexplored area
unexplored area
unexplored area
unexplored area
unexplored area
unexplored area
unexplored area
unexplored area
unexplored area
unexplored area
unexplored area
unexplored area
unexplored area
unexplored area
unexplored area
unexplored area
unexplored area
unexplored area
unexplored area
unexplored area
unexplored area
unexplored area
unexplored area
unexplored area
unexplored area
unexplored area
unexplored area
unexplored area
unexplored area
unexplored area
unexplored area
unexplored area
unexplored area
unexplored area
unexplored area
unexplored area
unexplored area
unexplored area
unexplored area
unexplored area
unexplored area
unexplored area
unexplored area
unexplored area
unexplored area
unexplored area
unexplored area
unexplored area
unexplored area
unexplored area
unexplored area
unexplored area
unexplored area
unexplored area
unexplored area
wall
(a bag
.dark part of a room
.dark part of a room
wall
unexplored area
unexplored area
unexplored area
unexplored area
unexplored area
unexplored area
unexplored area
unexplored area
unexplored area
unexplored area
unexplored area
unexplored area
unexplored area
unexplored area
unexplored area
unexplored area
unexplored area
unexplored area
unexplored area
unexplored area
unexplored area
unexplored area
unexplored area
unexplored area
unexplored area
unexplored area
unexplored area
unexplored area
unexplored area
unexplored area
unexplored area
unexplored area
unexplored area
unexplored area
unexplored area
unexplored area
unexplored area
unexplored area
unexplored area
unexplored area
unexplored area
unexplored area
unexplored area
unexplored area
unexplored area
unexplored area
unexplored area
unexplored area
unexplored area
unexplored area
unexplored area
unexplored area
unexplored area
unexplored area
unexplored area
unexplored area
unexplored area
unexplored area
unexplored area
unexplored area
unexplored area
unexplored area
unexplored area
unexplored area
unexplored area
unexplored area
unexplored area
unexplored area
unexplored area
unexplored area
unexplored area
unexplored area
unexplored area
unexplored area
wall
.dark part of a room
wall
wall
wall
unexplored area
unexplored area
unexplored area
unexplored area
unexplored area
unexplored area
unexplored area
unexplored area
unexplored area
unexplored area
unexplored area
unexplored area
unexplored area
unexplored area
unexplored area
unexplored area
unexplored area
unexplored area
unexplored area
unexplored area
unexplored area
unexplored area
unexplored area
unexplored area
unexplored area
unexplored area
unexplored area
unexplored area
unexplored area
unexplored area
unexplored area
unexplored area
unexplored area
unexplored area
unexplored area
unexplored area
unexplored area
unexplored area
unexplored area
unexplored area
unexplored area
unexplored area
unexplored area
unexplored area
unexplored area
unexplored area
unexplored area
unexplored area
unexplored area
unexplored area
unexplored area
unexplored area
unexplored area
unexplored area
unexplored area
unexplored area
unexplored area
unexplored area
unexplored area
unexplored area
unexplored area
unexplored area
unexplored area
unexplored area
unexplored area
unexplored area
unexplored area
unexplored area
unexplored area
unexplored area
unexplored area
unexplored area
unexplored area
unexplored area
wall
.dark part of a room
.dark part of a room
.dark part of a room
.dark part of a room
.dark part of a room
unexplored area
unexplored area
unexplored area
unexplored area
unexplored area
unexplored area
unexplored area
unexplored area
unexplored area
unexplored area
unexplored area
unexplored area
unexplored area
unexplored area
unexplored area
unexplored area
unexplored area
unexplored area
unexplored area
unexplored area
unexplored area
unexplored area
unexplored area
unexplored area
unexplored area
unexplored area
unexplored area
unexplored area
unexplored area
unexplored area
unexplored area
unexplored area
unexplored area
unexplored area
unexplored area
unexplored area
unexplored area
unexplored area
unexplored area
unexplored area
unexplored area
unexplored area
unexplored area
unexplored area
unexplored area
unexplored area
unexplored area
unexplored area
unexplored area
unexplored area
unexplored area
unexplored area
unexplored area
unexplored area
unexplored area
unexplored area
unexplored area
unexplored area
unexplored area
unexplored area
unexplored area
unexplored area
unexplored area
unexplored area
unexplored area
unexplored area
unexplored area
unexplored area
unexplored area
unexplored area
unexplored area
unexplored area
unexplored area
wall
wall
wall
wall
wall
wall
unexplored area
unexplored area
unexplored area
unexplored area
unexplored area
unexplored area
unexplored area
unexplored area
unexplored area
unexplored area
unexplored area
unexplored area
unexplored area
unexplored area
unexplored area
unexplored area
unexplored area
unexplored area
unexplored area
unexplored area
unexplored area
unexplored area
unexplored area
unexplored area
unexplored area
unexplored area
unexplored area
unexplored area
unexplored area
unexplored area
unexplored area
unexplored area
unexplored area
unexplored area
unexplored area
unexplored area
unexplored area
unexplored area
unexplored area
unexplored area
unexplored area
unexplored area
unexplored area
unexplored area
unexplored area
unexplored area
unexplored area
unexplored area
unexplored area
unexplored area
unexplored area
unexplored area
unexplored area
unexplored area
unexplored area
unexplored area
unexplored area
unexplored area
unexplored area
unexplored area
unexplored area
unexplored area
unexplored area
unexplored area
unexplored area
unexplored area
unexplored area
unexplored area
unexplored area
unexplored area
unexplored area
unexplored area
[Arasaka the Wayfarer ] St:18/19 Dx:14 Co:18 In:8 Wi:10 Ch:9 Lawful Dlvl:27 $:200 HP:89(145) Pw:15(15) AC:-12 Xp:14/91719 T:28850 Conf

Latest messages:

The yellow dragon knocks you back with a forceful strike!
Ouch!
The invisible arch-lich vanishes and reappears close by.
The invisible arch-lich vanishes and reappears next to you.
The invisible arch-lich touches you!
The invisible arch-lich points all around, then curses.
You hit the invisible arch-lich!
The yellow dragon misses!
The yellow dragon hits!
The yellow dragon hits!
The invisible arch-lich vanishes and reappears close by.
You hit the yellow dragon!
You hit the yellow dragon!
The yellow dragon just misses!
The yellow dragon hits!
The yellow dragon knocks you back with a powerful blow!
Ouch!
The yellow dragon hits!
The invisible arch-lich vanishes and reappears next to you.
The invisible arch-lich touches you!
The invisible arch-lich casts a spell!
The invisible arch-lich is suddenly moving faster.
The invisible Asmodeus appears close by!
You hear a chugging sound.
You hit the invisible arch-lich!
The yellow dragon misses!
The yellow dragon hits!
The yellow dragon hits!
The yellow dragon knocks you back with a forceful strike!
Ouch!
The invisible arch-lich vanishes and reappears close by.
The yellow dragon bites!
The yellow dragon misses!
The yellow dragon just misses!
The invisible arch-lich vanishes and reappears next to you.
The invisible arch-lich touches you!
The invisible arch-lich casts a spell at you!
Your helm turns to dust and is blown away!
You hit the invisible arch-lich!
The invisible arch-lich vanishes and reappears close by.
You hit the umber hulk!
The umber hulk hits!
The umber hulk just misses!
The umber hulk bites!
The invisible arch-lich vanishes and reappears next to you.
The invisible arch-lich touches you!
The invisible arch-lich casts a spell at you!
You feel as if you need some help.
#
Really quit? [yn] (n)

Inventory:

Coins ('$')

$ - 200 gold pieces

Amulets ('"')

Q - an uncursed amulet of guarding (being worn)

Weapons (')')

t - a blessed +1 aklys
a - the uncursed +0 Grayswandir (weapon in hand)
o - an uncursed +2 trident

Armor ('[')

L - a cursed burnt +0 pair of gauntlets of dexterity (being worn)
p - a cursed +0 pair of speed boots (being worn)
K - an uncursed +0 pair of water walking boots
u - a cursed +0 shield of reflection (being worn)
c - a blessed +2 elven cloak (being worn)
w - an uncursed +0 elven mithril-coat (being worn)

Comestibles ('%')

m - an uncursed partly eaten food ration
D - an uncursed food ration
d - 4 uncursed K-rations
C - a cursed sprig of wolfsbane
N - an uncursed lizard corpse named tricebane

Scrolls ('?')

Z - an uncursed scroll of scare monster

Potions ('!')

l - an uncursed potion of fruit juice

Rings ('=')

A - a cursed ring of fire resistance
k - an uncursed ring of free action (on right hand)
i - a cursed ring of hunger
W - an uncursed ring of polymorph control (on left hand)

Tools ('(')

z - a blessed greased bag of holding containing 45 items
b - an uncursed bugle
g - an uncursed blindfold
X - an uncursed brass lantern (lit)
f - an uncursed can of grease (0:0)
q - an uncursed +0 pick-axe
e - an uncursed skeleton key
v - an uncursed towel
s - an uncursed +0 unicorn horn

Gems/Stones ('*')

H - an uncursed worthless piece of white glass
B - a blessed luckstone
j - a blessed touchstone

Contents of the bag of holding:

57 gold pieces
an uncursed amulet of reflection
27 uncursed +0 elven arrows
an uncursed +0 elven bow
the uncursed rustproof +5 Frost Brand
6 uncursed K-rations
2 uncursed scrolls of enchant armor
an uncursed scroll of gold detection
a blessed scroll of stinking cloud
a blessed scroll of teleportation
an uncursed spellbook of clairvoyance
an uncursed spellbook of clairvoyance
a blessed spellbook of confuse monster
an uncursed spellbook of invisibility
a blessed potion of enlightenment
an uncursed potion of extra healing
a blessed potion of full healing
an uncursed potion of gain energy
an uncursed potion of gain level
an uncursed potion of healing
an uncursed potion of invisibility
a blessed potion of monster detection
an uncursed potion of monster detection
a cursed potion of object detection
an uncursed potion of see invisible
an uncursed potion of sickness
an uncursed potion of speed
a cursed wand of cold (0:3)
an uncursed wand of create monster (0:12)
an uncursed wand of digging (0:6)
an uncursed wand of digging (0:5)
an uncursed wand of digging (0:4)
an uncursed wand of fire (0:0)
an uncursed wand of light (0:8)
an uncursed wand of magic missile (0:7)
a cursed wand of magic missile (0:0)
an uncursed wand of nothing (0:6)
an uncursed wand of polymorph (0:8)
an uncursed wand of polymorph (0:8)
an uncursed wand of probing (0:8)
an uncursed wand of teleportation (0:5)
an uncursed wand of teleportation (0:5)
an uncursed wand of teleportation (0:1)
an uncursed wand of wishing (0:0)
an uncursed stethoscope

Arasaka the Cavewoman's attributes:


Background:

You were a Wayfarer, a level 14 dwarven Cavewoman.
You were lawful, on a mission for Anu
who was opposed by Ishtar (neutral) and Anshar (chaotic).
You were in Gehennom, on level 27.
You entered the dungeon 28850 turns ago.
You had 91719 experience points, 68281 more were needed to attain level 15.

Basics:

You had 89 out of 145 hit points.
You had all 15 energy points (spell power).
Your armor class was -12.
Your wallet contained 200 zorkmids.
Autopickup was off.

Final Characteristics:

Your strength was 18/19 (limit:18/100).
Your dexterity was 14 (limit:20).
Your constitution was 18 (limit:20).
Your intelligence was 8 (peak:12, limit:16).
Your wisdom was 10 (limit:16).
Your charisma was 9 (limit:16).

Final Status:

You were confused.
You were not hungry.
You were unencumbered.
You were wielding a saber.
You had basic skill with saber.

Final Attributes:

You were piously aligned.
You were fire resistant.
You were cold resistant.
You were sleep resistant.
You were shock resistant.
You were poison resistant.
You resisted hallucinations.
You saw invisible.
You were telepathic.
You had infravision.
You were invisible to others.
You were stealthy.
You had a large defense bonus (+11).
You were protected.
You had polymorph control.
You were very fast.
You had reflection.
You had free action.
You were very lucky.
You had extra luck.
Good luck did not time out for you.
You survived.

Miscellaneous:
You disabled loading of bones levels.
Total elapsed playing time was 6 hours, 24 minutes and 28 seconds.

Major events:

Turn

1: Arasaka the lawful dwarven Cavewoman entered the dungeon
1122: attained the rank of Aborigine (level 3)
1162: entered the Gnomish Mines
3949: attained the rank of Wanderer (level 6)
5034: was bestowed with Grayswandir by Anu
5673: was bestowed with Frost Brand by Anu
7191: entered Sokoban
7214: read a Discworld novel
7452: completed 1st Sokoban level
7817: completed 2nd Sokoban level
8212: completed 3rd Sokoban level
8914: attained the rank of Vagrant (level 10)
10927: acquired the Mines' End luckstone
12597: completed 4th Sokoban level
12637: acquired the Sokoban amulet of reflection
13197: was bestowed with Demonbane by Anu
22487: killed Medusa
25830: made her first wish - "blessed greased bag of holding", got "a greased bag"
27142: performed her first genocide (disenchanters)
27533: entered Gehennom
28172: attained the rank of Wayfarer (level 14)
28850: quit

Vanquished creatures:

Medusa
a glass golem
2 silver dragons
a black dragon
2 minotaurs
a demilich
a stone golem
an Olog-hai
2 titanotheres
a trapper
4 baby yellow dragons
a genetic engineer
5 vampire leaders
3 captains
4 liches
3 clay golems
3 nurses
2 nalfeshnees
2 frost giants
a golden naga
2 black puddings
8 vampires
6 lieutenants
22 ghosts
a queen bee
a winged gargoyle
a mind flayer
2 giant mimics
3 long worms
a zruty
a fire giant
an ogre tyrant
13 ice trolls
a rock troll
an elven monarch
3 hezrous
3 large mimics
9 stalkers
an air elemental
a water elemental
5 hill giants
a giant mummy
a black naga
4 xorns
11 giant zombies
2 elf-nobles
6 sergeants
a small mimic
5 warhorses
4 xans
5 ettin mummies
2 ogre leaders
4 quantum mechanics
10 trolls
a sasquatch
a wood golem
a marilith
3 sharks
6 gelatinous cubes
2 pyrolisks
a large dog
a freezing sphere
6 flaming spheres
a shocking sphere
a large cat
4 tigers
2 gargoyles
2 tengu
2 ochre jellies
5 leocrottas
2 energy vortices
a stone giant
an elf mummy
2 human mummies
4 red nagas
3 pythons
5 pit vipers
a cobra
30 wraiths
4 ettin zombies
4 leather golems
11 Grey-elves
39 soldiers
an amorous demon
2 horned devils
a chameleon
2 crocodiles
8 giant beetles
2 quivering blobs
6 cockatrices
3 wolves
8 winter wolf cubs
a lynx
2 panthers
5 gremlins
2 leprechauns
2 orc-captains
2 iron piercers
a mumak
4 giant spiders
3 scorpions
a horse
7 ice vortices
3 black lights
3 vampire bats
3 forest centaurs
a gnome ruler
5 orc mummies
4 dwarf mummies
6 ogres
a brown pudding
3 rust monsters
3 owlbears
2 yetis
a gold golem
2 werewolves
13 Green-elves
4 giant eels
8 lizards
2 chickatrices
a dingo
2 dogs
2 housecats
2 jaguars
2 dwarf leaders
4 gray unicorns
3 dust vortices
5 ravens
4 gnome mummies
4 snakes
7 apes
10 human zombies
a rope golem
7 Woodland-elves
6 soldier ants
4 fire ants
2 bugbears
2 imps
3 quasits
2 wood nymphs
2 water nymphs
4 Mordor orcs
9 Uruk-hai
an orc shaman
6 rock piercers
4 rock moles
4 ponies
5 fog clouds
4 yellow lights
2 violet fungi
2 gnome leaders
a gnomish wizard
6 kobold mummies
a red naga hatchling
2 black naga hatchlings
4 gray oozes
11 elf zombies
5 ghouls
2 straw golems
12 giant ants
2 little dogs
7 floating eyes
4 kittens
5 dwarves
6 homunculi
2 kobold leaders
2 kobold shamans
21 hill orcs
10 rothes
a rabid rat
3 giant bats
a monkey
11 orc zombies
11 dwarf zombies
3 wererats
a werejackal
10 iguanas
40 killer bees
6 acid blobs
a gas spore
5 hobbits
a manes
2 large kobolds
4 hobgoblins
2 orcs
3 giant rats
5 cave spiders
a brown mold
2 yellow molds
a red mold
15 gnomes
11 garter snakes
6 gnome zombies
6 geckos
6 jackals
a fox
a kobold
2 sewer rats
13 grid bugs
6 bats
5 lichens
8 kobold zombies
8 newts
877 creatures vanquished.

Genocided species:

disenchanters
1 species genocided.

Voluntary challenges:

You read items or engraved 46 times.
You engraved Elbereth 8 times.
You genocided 1 type of monster.
You never polymorphed an object.
You used 1 wish.
You did not wish for any artifacts.
You did not violate any of the special Sokoban rules.

Achievements:

You attained the rank of Aborigine.
You entered the Gnomish Mines.
You attained the rank of Wanderer.
You entered a shop.
You entered Sokoban.
You read from a Discworld novel.
You attained the rank of Vagrant.
You completed the Gnomish Mines.
You entered a temple.
You completed Sokoban.
You defeated Medusa.
You learned the tune to open and close the Castle's drawbridge.
You entered Gehennom.
You attained the rank of Wayfarer.

The Dungeons of Doom: levels 1 to 25

   Level 1:
A fountain.
Level 2:
Level 3:
Some fountains.
Level 4: "v"
A fountain.
Stairs down to The Gnomish Mines.
Level 5:
Some fountains, some sinks.
Level 6:
Level 7: "v"
An altar to Anu.
Level 8:
An armor shop, some fountains.
Level 9:
Many fountains.
Level 10: "s"
A temple to Anu.
Stairs up to Sokoban, level 9.
Level 11:
Some fountains.
Level 12: "v"
An altar, many fountains.
Level 13:
A temple to Anu, some fountains.
Level 14: "v"
Level 15:
A sink.
Summoned by Shaman Karnov.
Portal to The Quest.
Level 16:
A temple, a fountain, a sink.
Level 17:
A fountain.
Level 18:
A primitive area.
Level 19:
Level 20:
Level 21:
Some graves.
Level 22: "s"
A fountain.
Level 23:
Some fountains, many trees.
Level 24:
Level 25:
A fountain.
The castle.
Connection to Gehennom.

Gehennom: levels 26 to 27

   Level 26:
A temple, many graves.
Valley of the Dead.
Level 27: <- You were here.

The Gnomish Mines: levels 5 to 12

   Level 5:
Level 6:
Level 7:
Level 8:
Level 9:
Level 10:
Level 11:
Level 12:

The Quest:

   Level 1:
Home.

Sokoban: levels 9 up to 6

   Level 6:
Solved.
Level 7:
Solved.
Level 8:
Solved.
Level 9: "cockatrice"
Solved.

Goodbye Arasaka the Cavewoman...


You quit in Gehennom on dungeon level 27 with 309813 points,
and 257 pieces of gold, after 28850 moves.
You were level 14 with a maximum of 145 hit points when you quit.